 Dungeon Crawl Stone Soup version 0.27.1-33-g824d729ab1 (console) character file.

Game seed: 3698554696085571629

112 Banquo the Chopper (level 5, -1/60 HPs)
             Began as a Djinni Berserker on Dec 28, 2021.
             Was a Believer of Trog.
             Killed by divine providence
             ... invoked by an orc priest
              (11 damage)
             ... on level 3 of the Dungeon.
             The game lasted 00:03:45 (2744 turns).

Banquo the Chopper (Djinni Berserker)               Turns: 2744, Time: 00:03:46

Health: -1/60      AC:  5    Str: 16    XL:     5   Next: 16%
Gold:   71         EV: 11    Int:  9    God:    Trog [**....] SH:  0 Dex: 13

rFire    + + .     SeeInvis .   a - +0 hand axe
rCold    x . .     Faith    .   (no shield)
rNeg     . . .     Spirit   .   p - +0 ring mail
rPois    ∞         Reflect  .   (no helmet)
rElec    .         Harm     .   (no cloak)
rCorr    .         Rampage  .   (no gloves)
Will     .....                  (boots unavailable)
Stlth    ..........             (no amulet)
HPRegen  0.20/turn              (no ring)
MPRegen  0.00/turn              (no ring)

@: berserking, flying, very quick
A: sickness immunity, fire resistance 2, cold vulnerability 1, float, innate
caster, hp casting, extra vitality 1
a: Renounce Religion, Berserk, Trog's Hand


You were on level 3 of the Dungeon.
You worshipped Trog.
Trog was pleased with you.
You visited 1 branch of the dungeon, and saw 3 of its levels.

You collected 71 gold pieces.

Inventory:

Hand Weapons
 a - a +0 hand axe (weapon)
 h - a +1 dagger of venom
 n - a +1 dagger of venom
Missiles
 d - 63 stones (quivered)
 j - 8 javelins
Armour
 b - a +0 animal skin
 p - a +0 ring mail (worn)
Scrolls
 c - a scroll of identify {unknown}
 e - a scroll of enchant weapon {unknown}
 i - a scroll of fear {unknown}
 o - 2 scrolls of teleportation {unknown}
 q - a scroll of summoning {unknown}
Potions
 f - a potion of degeneration {unknown}
 g - a potion of might {unknown}
 k - a potion of heal wounds {unknown}
 l - a potion of brilliance {unknown}
 m - a potion of curing {unknown}


   Skills:
 + Level 3.0 Fighting
 * Level 4.4 Axes
 + Level 2.0 Armour
 + Level 2.2 Dodging


You had one spell level left.
You knew the following spells:

 Your Spells              Type           Power      Damage    Failure   Level
a - Summon Small Mammal   Summ           0%         N/A       58%         1
b - Ensorcelled Hibernat  Hex/Ice        0%         N/A       75%         2
Your spell library was empty.

Dungeon Overview and Level Annotations

Branches:
Dungeon (3/15)

Altars:


Innate Abilities, Weirdness & Mutations

You are immune to sickness and miasma.
You are immune to poison.
Your flesh is very heat resistant. (rF++)
You are vulnerable to cold. (rC-)
You float through the air rather than walking.
You learn spells naturally, not from books.
Your magical power is your life essence.
You have superior vitality. (+4 HP)


Message History

You hit the orc priest.
You kill the orc priest!
Trog accepts your kill.
The orc priest begins to cast a cantrip, but forgets the words!
You have reached level 5!
The power to cast Ensorcelled Hibernation wells up from within.
Spell assigned to 'b'.
The orc priest hits you but does no damage.
Things that are here:
a +0 dagger; a +0 dagger; an orc corpse You hit the orc priest but do no damage.
The orc priest is lightly wounded.
The orc priest misses you.
You barely miss the orc priest.
The orc priest is lightly wounded.
The orc priest hits you with a +0 dagger.
You barely miss the orc priest.
The orc priest is lightly wounded.
The orc priest invokes the aid of Beogh against you.
Beogh smites you!
You barely miss the orc priest.
The orc priest is lightly wounded.
The orc priest hits you with a +0 dagger.
You hit the orc priest but do no damage.
The orc priest is lightly wounded.
The orc priest closely misses you.
You barely miss the orc priest.
The orc priest hits you with a +0 dagger.
The orc priest barely misses you.
You barely miss the orc priest.
The orc priest hits you with a +0 dagger.
You closely miss the orc priest.
The orc priest invokes the aid of Beogh against you.
Beogh smites you!
* * * LOW HITPOINT WARNING * * *
A red film seems to cover your vision as you go berserk!
You feel yourself moving faster!
You feel mighty!
The orc priest calls down the wrath of Beogh upon you.
Beogh smites you!
You die...

#.##....#.....##.##.#..
##.#.#.##..............
##...........##.##.#.#
##.####.....##.##.#.#
#.# #####.......#.# #.#
####....... #.#
####.... #.#### #....
#..@o# #.### ####.#
######.# .# #......###
.# #...##..... .. ....#
#..... ## ### #....:
#..... #..... #.....


You could see an orc priest.

Vanquished Creatures
  An orc priest (D:3)
  Terence (D:2)
  An adder (D:2)
  2 worms (D:2)
  A dart slug (D:1)
  An orc (D:3)
  5 endoplasms
  2 giant cockroaches
  6 goblins
  2 hobgoblins
  2 jackals (D:1)
  2 quokkas
  4 ball pythons
  A bat (D:2)
  2 frilled lizards
  A kobold (D:1)
  5 rats
39 creatures vanquished.

Notes
Turn   | Place    | Note
-------+----------+-------------------------------------------
     0 | D:1      | Banquo the Djinni Berserker began the quest for the Orb.
     0 | D:1      | Reached XP level 1. HP: 20/20 MP: 0/0
   322 | D:1      | Reached XP level 2. HP: 24/25 MP: 0/0
   356 | D:1      | Reached skill level 3 in Axes
  1127 | D:2      | Reached XP level 3. HP: 30/30 MP: 0/0
  1127 | D:2      | Learned a level 1 spell: Summon Small Mammal
  1522 | D:2      | Found a faded altar of an unknown god.
  1891 | D:2      | Reached ** piety under Trog
  2031 | D:2      | Reached XP level 4. HP: 24/35 MP: 0/0
  2205 | D:2      | Noticed Terence
  2211 | D:2      | Killed Terence
  2212 | D:2      | Reached skill level 4 in Axes
  2735 | D:3      | Reached XP level 5. HP: 35/40 MP: 0/0
  2735 | D:3      | Learned a level 2 spell: Ensorcelled Hibernation
  2744 | D:3      | Killed from afar by an orc priest

Illustrated notes

Levels and vault maps discovered:
D:1:      minmay_arrival_stair_chambers, layout_basic
D:2:      layout_loops_corners, shapermc_ecumenical_altar_ellora, uniq_terence
D:3:      layout_loops_cross

Skill      XL: |  1  2  3  4 |
---------------+-------------+-----
Axes           | 3 4 |  4.4
Fighting       | |  3.0
Armour         | |  2.0
Dodging        | |  2.2

Action                   |  1- 3 |  4- 6 || total
-------------------------+-------+-------++-------
Melee: Hand axe          |    95 |    42 ||   137
Invok: Berserk           |       |     2 ||     2
 Stab: Sleeping          |     2 |       ||     2
Armor: Animal skin       |     7 |       ||     7
       Ring mail         |       |    10 ||    10
Dodge: Dodged            |    52 |    18 ||    70
